 Dungeon Sprint DCSS version 0.22.1-1-ga44c0e56f4 (webtiles) character file.

488339 Freyura the End of an Era (level 19, 169/169 (170) HPs)
             Began as a Demonspawn Fighter on Oct 9, 2018.
             Was the Champion of Qazlal.
             Escaped with the Orb!
             The game lasted 01:07:22 (1914 turns).

Freyura the End of an Era (Demonspawn Fighter)      Turns: 1914, Time: 01:07:22

HP:   169/169 (170) AC: 38    Str: 20    XL:     19   Next: 22%
MP:   36/36         EV: 21    Int:  9    God:    Qazlal [******]
Gold: 0             SH: 27    Dex: 25    Spells: 18/18 levels left

rFire    + + .     SeeInvis .   a - +6 shillelagh "Devastator" {shatter}
rCold    + . .     Gourm    .   M - +3 warlock's mirror {reflect}
rNeg     + . .     Faith    .   c - +9 crystal plate armour
rPois    +         Spirit   .   D - +0 hat of Kaifobea {rPois rF+}
rElec    .         Reflect  +   (no cloak)
rCorr    .         Harm     .   A - +0 pair of gloves {Dex+3}
MR       +....     NoTele   +   (boots unavailable)
Stlth    ..........             I - +4 amulet of reflection
HPRegen  0.38/turn              U - ring "Petul" {rN+ Slay+5}
MPRegen  0.25/turn              y - +6 ring of dexterity

@: studying 3 skills, repel missiles
A: talons 3, icy blue scales 3, blurry vision 1, clumsy 1, deformed body,
deterioration 1, fire resistance 1, frail 1, powered by death 2, powered by pain
1
0: Orb of Zot
a: Upheaval, Elemental Force, Disaster Area, Renounce Religion


You escaped.
You worshipped Qazlal.
Qazlal was exalted by your worship.
You were not hungry.

You visited 1 branch

Inventory:

Hand Weapons
 a - the +6 shillelagh "Devastator" (weapon) {shatter}
   (You found it in the Dungeon)
 G - a +2 eveningstar of freezing
Armour
 b - a +3 large shield
 c - a +9 crystal plate armour (worn)
 A - a +0 pair of gloves of dexterity (worn)
 D - the +0 hat of Kaifobea (worn) {rPois rF+}
   (You found it in the Dungeon)

   It protects you from fire.
   It protects you from poison.
 M - the +3 warlock's mirror (worn) {reflect}
   (You found it in the Dungeon)
Jewellery
 o - the amulet of Cilaif {Harm *Drain rElec Slay+3 Stlth-}
   (You found it in the Dungeon)

   [amulet of harm]

   It increases damage dealt and taken.
   It affects your accuracy and damage with ranged weapons and melee attacks
   (+3).
   It insulates you from electricity.
   It causes draining when unequipped.
   It makes you less stealthy.
 y - a +6 ring of dexterity (right hand)
 z - an uncursed ring of protection from cold
 B - a cursed ring of protection from fire
 C - the amulet "Wuuhor" {Regen+ Int+4}
   (You found it in the Dungeon)

   [amulet of regeneration]

   It affects your intelligence (+4).
   It increases your rate of regeneration.
 E - the amulet "Uryates" {Harm *Drain rF++ rC+ Str+2}
   (You found it in the Dungeon)

   [amulet of harm]

   It increases damage dealt and taken.
   It affects your strength (+2).
   It greatly protects you from fire.
   It protects you from cold.
   It causes draining when unequipped.
 H - the ring of Woaduymp {rN+ Int+4 SInv}
   (You found it in the Dungeon)

   [ring of intelligence]

   It affects your intelligence (+4).
   It protects you from negative energy.
   It lets you see invisible.
 I - a +4 amulet of reflection (around neck)
 K - the ring "Mubyng" {Ice Int+4}
   (You found it in the Dungeon)

   [ring of ice]

   It enhances your ice magic.
   It affects your intelligence (+4).
   It makes you vulnerable to fire.
   It protects you from cold.
 L - the amulet "Yjouten" {Faith *Drain rPois rC+ MR+}
   (You found it in the Dungeon)

   [amulet of faith]

   It allows you to gain divine favour quickly.
   It protects you from cold.
   It protects you from poison.
   It affects your resistance to hostile enchantments.
   It causes draining when unequipped.
 N - an uncursed ring of protection from magic
 Q - the ring of Lophauvu {Int+3 Slay+3}
   (You found it in the Dungeon)

   [ring of intelligence]

   It affects your intelligence (+3).
   It affects your accuracy and damage with ranged weapons and melee attacks
   (+3).
 R - the ring "Perid" {+Fly Str+2}
   (You found it in the Dungeon)

   [ring of flight]

   It affects your strength (+2).
   It lets you fly.
 S - the ring of Nyoff {rPois rC- MR++ Dex+4}
   (You found it in the Dungeon)

   [ring of poison resistance]

   It affects your dexterity (+4).
   It makes you vulnerable to cold.
   It protects you from poison.
   It affects your resistance to hostile enchantments.
 U - the ring "Petul" (left hand) {rN+ Slay+5}
   (You found it in the Dungeon)

   [ring of positive energy]

   It affects your accuracy and damage with ranged weapons and melee attacks
   (+5).
   It protects you from negative energy.
 W - the ring "Kurhuv" {*Drain rN+ MR+ Stlth+}
   (You found it in the Dungeon)

   [ring of positive energy]

   It protects you from negative energy.
   It affects your resistance to hostile enchantments.
   It causes draining when unequipped.
   It makes you more stealthy.
Wands
 v - a wand of disintegration (7)
 w - a wand of iceblast (7)
 x - a wand of acid (7)
Scrolls
 k - 3 scrolls of blinking
 q - 4 scrolls of amnesia
 r - 8 scrolls of fog
 s - 5 scrolls of identify
 t - 5 scrolls of remove curse
 u - 2 scrolls of fear
 P - a scroll of brand weapon
Potions
 d - 7 potions of might
 e - 10 potions of curing
 g - 14 potions of heal wounds
 h - 16 potions of haste
 i - 6 potions of magic
 j - 3 potions of berserk rage
 l - 2 potions of brilliance
 m - 2 potions of invisibility
 n - 2 potions of resistance
 p - 8 potions of agility
Books
 F - a manual of Long Blades
 J - a manual of Staves
 O - a manual of Axes
 T - a manual of Long Blades
 V - a manual of Axes
Comestibles
 f - 6 rations


   Skills:
 O Level 27 Fighting
 - Level 25.0 Maces & Flails
 + Level 25.4 Armour
 + Level 24.7 Dodging
 - Level 25.0 Shields
 O Level 27 Invocations


You had 18 spell levels left.
You didn't know any spells.
Your spell library was empty.

Dungeon Overview and Level Annotations

Branches:
Dungeon (1/1)

Altars:
Ashenzari
Cheibriados
Dithmenos
Elyvilon
Fedhas
Gozag
Hepliaklqana
Kikubaaqudgha
Makhleb
Nemelex Xobeh
Okawaru
Qazlal
Ru
Sif Muna
Trog
Uskayaw
Vehumet
Wu Jian
Xom
Yredelemnul
Zin
The Shining One
Beogh
Jiyva
Lugonu


Innate Abilities, Weirdness & Mutations

You have claws for feet.
You are completely covered in icy blue scales. (AC +4, rC+)
Your flesh is heat resistant. (rF+)
You regenerate health from kills.
You sometimes gain a little power by taking damage.
Scrolls take you a little longer to read.
You are clumsy. (Dex -2)
Armour fits poorly on your strangely shaped body.
Your body sometimes deteriorates upon taking damage.
You are frail. (-10% HP)


Message History

There is a transporter here.
An exit appears before you!
You enter the transporter and appear at another place.
Found the Orb of Zot.
Found a staircase leading out of the dungeon.
Unknown command.
You see here the Orb of Zot.
There is a staircase leading out of the dungeon here.
You can't go down here!
Are you sure you want to leave the Dungeon?
This will make you lose the game! [Y]es or [N]o only, please.
Are you sure you want to leave the Dungeon?
This will make you lose the game!
Alright, then stay!
You see here the Orb of Zot.
You pick up the Orb of Zot!
The Orb lets out a hideous shriek!
The lords of Pandemonium are not amused.
Beware!
Now all you have to do is get back out of the dungeon!
There is a staircase leading out of the dungeon here.
You can't go down here!
You have escaped!

..†.........▓.............▓≈≈≈8©8
)[...)).....▓.............▓.≈)}≈≈
...[.)[.)...▓........≈....▓..):[)
..)..)......▓..........≈≈.▓..≈≈..
.....)).....▓......©......▓≈)))).
......[)....▓▓▓▓▓▓▓▓▓▓▓▓▓▓▓...≈..
▓.....†.▓...▓8888888888888▓≈..≈..
.▓.....▓.▓..▓8....§......8▓..▓≈≈(
▓.......▓...▓8.§@.....©..8▓...≈.†
............▓8.§§§§......8▓...≈©≈
....©.......▓8888888888888▓▓▓▓▓▓▓
▓▓▓▓▓▓▓▓▓▓▓▓▓▓▓▓▓▓▓▓▓▓▓▓▓▓▓▓▓▓▓▓▓
.....8©8..).....▓........8©8.....
:|)))().)).}).).▓..|?|[|:)|)|[::.
)().)()...(.).}.▓=|=[}|.[.|}|.[[)
.((..)....()(|}.▓.)}[:.....:.::)}
.)...).....))(..▓.......[..[.....


There were no monsters in sight!

Vanquished Creatures
  A shard shrike (D)
  4 pandemonium lords (D)
  A profane servitor (D)
  A bone dragon (D)
  A Brimstone Fiend (D)
  A Tzitzimitl (D)
  A Hell Sentinel (D)
  An Ice Fiend (D)
  13 deep elf master archers (D)
  10 deep elf blademasters (D)
  2 acid blobs (D)
  A thorn hunter (D)
  7 tentacled starspawn (D)
  2 storm dragons (D)
  2 azure jellies (D)
  A blood saint (D)
  2 nagarajas (D)
  3 frost giants (D)
  5 deep elf sorcerers (D)
  A cacodemon (D)
  A fire giant (D)
  A balrug (D)
  2 orc warlords (D)
  6 reapers (D)
  4 spriggan defenders (D)
  14 stone giants (D)
  2 apis (D)
  A lorocyproca (D)
  A deep elf demonologist (D)
  9 deep elf annihilators (D)
  A dire elephant (D)
  6 merfolk javelineers (D)
  2 blizzard demons (D)
  2 death oozes (D)
  4 great orbs of eyes (D)
  8 yaktaur captains (D)
  2 fire dragons (D)
  6 deep elf high priests (D)
  2 naga warriors (D)
  6 ice dragons (D)
  7 spriggan air magi (D)
  2 hydras (D)
  8 two-headed ogres (D)
  An anaconda (D)
  8 small abominations (D)
  6 centaur warriors (D)
  A satyr (D)
  2 hell hogs (D)
  6 dancing weapons (D)
  3 merfolk aquamancers (D)
  8 spriggan berserkers (D)
  2 sun demons (D)
  2 deep elf knights (D)
  A wretched star (D)
  4 thrashing horrors (D)
  A shadow wraith (D)
  A hell knight (D)
  A sea snake (D)
  A flayed ghost (D)
  6 deep elf archers (D)
  4 shambling mangroves (D)
  2 swamp dragons (D)
  8 large abominations (D)
  A necromancer (D)
  5 orc knights (D)
  3 ugly things (D)
  18 deep elf magi (D)
  6 cyclopes (D)
  An oklob plant (D)
  7 shining eyes (D)
  A faun (D)
  An orc sorcerer (D)
  2 worldbinders (D)
  A merfolk siren (D)
  3 guardian serpents (D)
  6 black mambas (D)
  3 naga magi (D)
  2 smoke demons (D)
  3 eyes of devastation (D)
  2 spiny frogs (D)
  2 orange demons (D)
  4 hellions (D)
  A kobold demonologist (D)
  6 yaktaurs (D)
  A dryad (D)
  A rime drake (D)
  6 freezing wraiths (D)
  8 tormentors (D)
  2 komodo dragons (D)
  4 ice devils (D)
  3 red devils (D)
  5 trolls (D)
  10 hornets (D)
  2 wind drakes (D)
  3 raiju (D)
  3 merfolk (D)
  11 slime creatures (D)
  A hippogriff (D)
  A blink frog (D)
  3 flying skulls (D)
  4 air elementals (D)
  6 starcursed masses (D)
  4 water elementals (D)
  A shadow (D)
  5 spriggans (D)
  2 ynoxinuls (D)
  A yak (D)
  A yak (shapeshifter) (D)
  4 wraiths (D)
  A golden eye (D)
  A fire elemental (D)
  2 chaos spawn (D)
  3 neqoxecs (D)
  An insubstantial wisp (D)
  2 steam dragons (D)
  A hungry ghost (D)
  3 nagas (D)
  3 wargs (D)
  An acid dragon (D)
  5 water moccasins (D)
  A hell hound (D)
  A floating eye (D)
  4 orc warriors (D)
  2 porcupines (D)
  2 swamp drakes (D)
  A black bear (D)
  2 necrophages (D)
  4 ogres (D)
  An eye of draining (D)
  3 wolves (D)
  3 centaurs (D)
  A crocodile (shapeshifter) (D)
  A crocodile (D)
  A big kobold (shapeshifter) (D)
  A bullfrog (D)
  5 earth elementals (D)
  A scorpion (D)
  3 wights (D)
  5 crimson imps (D)
  3 quasits (D)
  2 jellies (D)
  An orc priest (D)
  An orc wizard (D)
  3 iron imps (D)
  An iguana (D)
  2 mummies (D)
  6 adders (D)
  A shadow imp (D)
  8 white imps (D)
  3 ufetubi (D)
  5 adder zombies (D)
  3 adder skeletons (D)
  A worm (shapeshifter) (D)
  6 bat skeletons (D)
  5 bat zombies (D)
  8 ball pythons (D)
  2 ball python skeletons (D)
  A ball python zombie (D)
  A giant cockroach zombie (D)
  2 jackal zombies (D)
  3 leopard gecko skeletons (D)
  2 quokka zombies (D)
  A butterfly (D)
  2 crawling corpses (D)
  A lurking horror (D)
  A starspawn tentacle (D)
535 creatures vanquished.

Vanquished Creatures (others)
  2 deep elf master archers (D)
  A stone giant (D)
  A yaktaur captain (D)
  A centaur warrior (D)
  A satyr (D)
  A deep elf knight (D)
  A deep elf mage (D)
  A cyclops (D)
  A chaos spawn (D)
  A centaur (D)
  A bat skeleton (D)
  11 starspawn tentacles (D)
23 creatures vanquished.

Grand Total: 558 creatures vanquished

Notes
Turn   | Place    | Note
-------+----------+-------------------------------------------
     0 | D        | Found the +6 Majin-Bo {vamp, Archmagi MP+6 Int+6}
     0 | D        | Found the +7 great mace "Firestarter" {inner flame, rF++}
     0 | D        | Freyura the Demonspawn Fighter began the quest for the Orb.
     0 | D        | Reached XP level 1. HP: 18/18 MP: 1/1
     0 | D        | Found a deep blue altar of Sif Muna.
     0 | D        | Found a sacrificial altar of Ru.
     0 | D        | Found a bloodstained altar of Trog.
     0 | D        | Found a stormy altar of Qazlal.
     0 | D        | Found an iron altar of Okawaru.
     0 | D        | Found a sparkling altar of Nemelex Xobeh.
     0 | D        | Found a blossoming altar of Fedhas.
     2 | D        | Found a transporter.
     2 | D        | Found an ancient bone altar of Kikubaaqudgha.
     2 | D        | Found a viscous altar of Jiyva.
     2 | D        | Found a corrupted altar of Lugonu.
     2 | D        | Found a hazy altar of Hepliaklqana.
     2 | D        | Found a burning altar of Makhleb.
     2 | D        | Found an opulent altar of Gozag.
    31 | D        | Found the +6 shillelagh "Devastator" {shatter}
    31 | D        | Found the +11 plutonium sword {*Contam Stlth-}
    31 | D        | Found the +8 lance "Wyrmbane" {slay drac, rPois rF+ rC+
                  | AC+3}
    31 | D        | Found the +9 sword of Zonguldrok {reap}
    31 | D        | Found the cursed +13 scythe of Curses {drain, *Curse}
    31 | D        | Found the +0 sword of Power
    31 | D        | Found the +7 mace of Variability {chain chaos}
    31 | D        | Found the +7 Singing Sword
    31 | D        | Found the +7 longbow "Piercer" {penet, EV-2}
    35 | D        | Became a worshipper of Qazlal Stormbringer
    64 | D        | Gained mutation: You are partially covered in icy blue
                  | scales. (AC +2) [demonic ancestry]
    64 | D        | Reached XP level 2. HP: 26/26 MP: 2/2
    73 | D        | Entered arena 2.
    73 | D        | Noticed a brown ugly thing
    73 | D        | Found a transporter.
    74 | D        | Found the +5 robe of Night {Dark MR+ SInv}
    80 | D        | Killed a brown ugly thing
    80 | D        | Reached XP level 3. HP: 37/37 MP: 3/3
    80 | D        | Reached XP level 4. HP: 44/44 MP: 4/4
    80 | D        | Reached XP level 5. HP: 49/49 MP: 5/5
    80 | D        | Gained mutation: You regenerate a little health from kills.
                  | [demonic ancestry]
    80 | D        | Reached XP level 6. HP: 56/56 MP: 6/6
    90 | D        | Entered arena 3.
    90 | D        | Noticed a porcupine
    90 | D        | Noticed a porcupine
    90 | D        | Found a transporter.
    91 | D        | Found the +6 lightning scales {run, rElec}
    95 | D        | Killed a porcupine
    95 | D        | Reached * piety under Qazlal
    95 | D        | Reached skill level 1 in Dodging
    98 | D        | Killed a porcupine
    98 | D        | Gained mutation: You sometimes gain a little power by
                  | taking damage. [demonic ancestry]
    98 | D        | Reached XP level 7. HP: 49/63 MP: 6/9
   150 | D        | Entered arena 4.
   150 | D        | Noticed a red devil
   150 | D        | Noticed an orange demon
   150 | D        | Found a transporter.
   156 | D        | Reached ** piety under Qazlal
   163 | D        | Killed an orange demon
   174 | D        | Killed a red devil
   174 | D        | Reached *** piety under Qazlal
   174 | D        | Reached skill level 5 in Invocations
   174 | D        | Reached XP level 8. HP: 65/71 MP: 10/12
   176 | D        | Entered arena 5.
   176 | D        | Found a transporter.
   181 | D        | Reached **** piety under Qazlal
   190 | D        | Entered arena 6.
   190 | D        | Found a transporter.
   191 | D        | Found the +7 great mace "Undeadhunter" {disrupt, rN+}
   200 | D        | Entered arena 7.
   200 | D        | Noticed a large abomination
   200 | D        | Noticed a tentacled starspawn
   204 | D        | Found a transporter.
   207 | D        | Reached ***** piety under Qazlal
   208 | D        | Killed a large abomination
   208 | D        | Reached skill level 5 in Dodging
   208 | D        | Killed a tentacled starspawn
   208 | D        | Reached skill level 10 in Fighting
   208 | D        | Reached skill level 10 in Armour
   208 | D        | Gained mutation: You have sharp toenails. [demonic
                  | ancestry]
   208 | D        | Reached XP level 9. HP: 63/79 MP: 12/16
   221 | D        | Entered arena 8.
   221 | D        | Noticed a naga mage
   221 | D        | Noticed a naga mage
   221 | D        | Noticed a black mamba
   222 | D        | Found a transporter.
   224 | D        | Killed a black mamba
   224 | D        | Reached skill level 10 in Shields
   226 | D        | Reached ****** piety under Qazlal
   229 | D        | Killed a naga mage
   229 | D        | Reached skill level 10 in Invocations
   229 | D        | Gained mutation: You have razor-sharp toenails. [demonic
                  | ancestry]
   229 | D        | Reached XP level 10. HP: 86/87 MP: 14/17
   230 | D        | Killed a naga mage
   230 | D        | Reached skill level 10 in Maces & Flails
   238 | D        | Entered arena 9.
   238 | D        | Noticed a tentacled starspawn
   238 | D        | Noticed a thrashing horror
   239 | D        | Found a transporter.
   243 | D        | Killed a thrashing horror
   247 | D        | Killed a tentacled starspawn
   257 | D        | Entered arena 10.
   257 | D        | Noticed a spriggan rider
   257 | D        | Noticed a spriggan rider
   258 | D        | Found a transporter.
   268 | D        | Reached XP level 11. HP: 95/95 MP: 18/20
   288 | D        | Entered arena 11.
   288 | D        | Noticed a shining eye
   288 | D        | Noticed a shining eye
   288 | D        | Noticed a cyan ugly thing
   288 | D        | Noticed a green ugly thing
   292 | D        | Found a transporter.
   300 | D        | Gained mutation: You are clumsy. (Dex -2) [a shining eye]
   301 | D        | Gained mutation: Scrolls take you a little longer to read.
                  | [a shining eye]
   303 | D        | Killed a cyan ugly thing
   307 | D        | Killed a cyan ugly thing
   308 | D        | Gained mutation: Armour fits poorly on your strangely
                  | shaped body. [a shining eye]
   310 | D        | Killed a shining eye
   313 | D        | Killed a shining eye
   321 | D        | Entered arena 12.
   321 | D        | Noticed a spriggan air mage
   321 | D        | Noticed a storm dragon
   321 | D        | Noticed a spriggan air mage
   321 | D        | Noticed a storm dragon
   322 | D        | Noticed a spriggan air mage
   322 | D        | Noticed a spriggan air mage
   323 | D        | Found a transporter.
   328 | D        | Killed a spriggan air mage
   328 | D        | Killed a spriggan air mage
   328 | D        | Killed a spriggan air mage
   328 | D        | Killed a spriggan air mage
   328 | D        | Reached skill level 10 in Dodging
   328 | D        | Killed a storm dragon
   330 | D        | Killed a storm dragon
   415 | D        | Entered arena 13.
   415 | D        | Noticed a merfolk aquamancer
   415 | D        | Noticed a sea snake
   415 | D        | Noticed a satyr
   415 | D        | Noticed a merfolk javelineer
   415 | D        | Noticed a merfolk aquamancer
   415 | D        | Noticed a merfolk aquamancer
   416 | D        | Killed a merfolk javelineer
   416 | D        | Gained mutation: You regenerate health from kills. [demonic
                  | ancestry]
   416 | D        | Reached XP level 12. HP: 105/105 MP: 19/22
   416 | D        | Killed a merfolk aquamancer
   416 | D        | Killed a merfolk aquamancer
   420 | D        | Found a transporter.
   420 | D        | Noticed a satyr
   421 | D        | Killed a merfolk aquamancer
   421 | D        | Killed a satyr
   421 | D        | Reached skill level 15 in Invocations
   422 | D        | Killed a satyr
   496 | D        | Entered arena 14.
   497 | D        | Noticed a stone giant
   498 | D        | Noticed a stone giant
   499 | D        | Noticed a stone giant
   503 | D        | Killed a stone giant
   503 | D        | Killed a stone giant
   504 | D        | Killed a stone giant
   508 | D        | Found a transporter.
   620 | D        | Entered arena 15.
   620 | D        | Noticed a six-headed hydra
   623 | D        | Gained mutation: You have claws for feet. [demonic
                  | ancestry]
   623 | D        | Reached XP level 13. HP: 114/114 MP: 25/25
   626 | D        | Found a transporter.
   658 | D        | Entered arena 16.
   659 | D        | Noticed an orc warlord
   659 | D        | Noticed an orc warlord
   661 | D        | Reached skill level 15 in Fighting
   663 | D        | Found a transporter.
   664 | D        | Killed an orc warlord
   688 | D        | Killed an orc warlord
   700 | D        | Got the ring "Atee" {Ice Str+3}
   782 | D        | Entered arena 17.
   784 | D        | Noticed a fire dragon
   784 | D        | Noticed a fire dragon
   788 | D        | Killed a fire dragon
   788 | D        | Killed a fire dragon
   804 | D        | Found a transporter.
   810 | D        | Got the ring "Nozxifu" {Wiz +Fly rElec rN++ Dex-3}
   820 | D        | Entered arena 18.
   821 | D        | Noticed Pitrinupn the pandemonium lord
   822 | D        | Noticed a monstrous blood saint
   822 | D        | Noticed a cacodemon
   822 | D        | Noticed Balowo the pandemonium lord
   823 | D        | Noticed a Tzitzimitl
   823 | D        | Noticed a Brimstone Fiend
   824 | D        | Noticed a balrug
   825 | D        | Killed a balrug
   825 | D        | Noticed Osagin the pandemonium lord
   825 | D        | Noticed Cuxu the pandemonium lord
   826 | D        | Killed a Brimstone Fiend
   826 | D        | Reached skill level 15 in Armour
   826 | D        | Reached skill level 15 in Shields
   827 | D        | Reached skill level 15 in Maces & Flails
   827 | D        | Reached XP level 14. HP: 68/126 MP: 11/27
   827 | D        | Killed Balowo the pandemonium lord
   827 | D        | Killed a cacodemon
   827 | D        | Killed a Tzitzimitl
   827 | D        | Killed Cuxu the pandemonium lord
   827 | D        | Killed a frost giant
   831 | D        | Killed Pitrinupn the pandemonium lord
   841 | D        | Noticed a golden dragon
   852 | D        | Killed Osagin the pandemonium lord
   853 | D        | Found a transporter.
   860 | D        | Got the ring of Lophauvu {Int+3 Slay+3}
   949 | D        | Entered arena 19.
   951 | D        | Noticed a fire giant
   952 | D        | Noticed a stone giant
   952 | D        | Noticed a frost giant
   952 | D        | Noticed a stone giant
   952 | D        | Noticed a stone giant
   952 | D        | Noticed a frost giant
   954 | D        | Found the +12 Vampire's Tooth {vamp}
   954 | D        | Reached skill level 15 in Dodging
   954 | D        | Killed a stone giant
   954 | D        | Killed a stone giant
   954 | D        | Killed a stone giant
   955 | D        | Killed a fire giant
   955 | D        | Gained mutation: You are mostly covered in icy blue scales.
                  | (AC +3) [demonic ancestry]
   955 | D        | Reached XP level 15. HP: 105/136 MP: 21/29
   955 | D        | Killed a frost giant
   955 | D        | Killed a frost giant
   956 | D        | Found a transporter.
   972 | D        | Got the ring "Qaevieta" {Wiz Str+3}
   975 | D        | Got the ring "Ceickoz" {rPois Stlth-}
  1026 | D        | Entered arena 20.
  1042 | D        | Found a transporter.
  1051 | D        | Got the ring "Petul" {rN+ Slay+5}
  1108 | D        | Entered arena 21.
  1111 | D        | Noticed a nagaraja
  1113 | D        | Noticed a nagaraja
  1114 | D        | Killed a nagaraja
  1114 | D        | Killed a nagaraja
  1123 | D        | Found the +10 large shield of Ignorance {rN+ Int-4}
  1123 | D        | Found a transporter.
  1149 | D        | Got the ring of Pride {Ice +Fly Dex+4}
  1152 | D        | Got the ring "Vaomn" {MR+ SInv}
  1172 | D        | Entered arena 22.
  1177 | D        | Noticed a thorn hunter
  1180 | D        | Killed a thorn hunter
  1204 | D        | Reached XP level 16. HP: 148/148 MP: 24/31
  1206 | D        | Got the cursed ring of Doelir {*Drain +Blink MR+ Int-2
                  | Stlth+}
  1210 | D        | Found a transporter.
  1235 | D        | Entered arena 23.
  1240 | D        | Noticed an acid blob
  1240 | D        | Noticed an acid blob
  1242 | D        | Killed an acid blob
  1242 | D        | Killed an acid blob
  1242 | D        | Gained mutation: Your body sometimes deteriorates upon
                  | taking damage. [a shining eye]
  1255 | D        | Gained mutation: You are frail. (-10% HP) [a shining eye]
  1264 | D        | Found a transporter.
  1340 | D        | Got the ring "Kikloeho" {Ice Int+4 Dex+3 Stlth+}
  1355 | D        | Entered arena 24.
  1360 | D        | Noticed a deep elf blademaster
  1361 | D        | Noticed a deep elf blademaster
  1361 | D        | Noticed a deep elf master archer
  1362 | D        | Noticed a deep elf blademaster
  1362 | D        | Noticed a deep elf blademaster
  1362 | D        | Killed a deep elf blademaster
  1362 | D        | Noticed a deep elf master archer
  1363 | D        | Noticed a deep elf master archer
  1363 | D        | Noticed a deep elf blademaster
  1363 | D        | Noticed a deep elf blademaster
  1363 | D        | Noticed a deep elf master archer
  1364 | D        | Killed a deep elf blademaster
  1364 | D        | Killed a deep elf master archer
  1364 | D        | Killed a deep elf blademaster
  1364 | D        | Killed a deep elf master archer
  1364 | D        | Killed a deep elf master archer
  1364 | D        | Killed a deep elf blademaster
  1364 | D        | Killed a deep elf blademaster
  1364 | D        | Killed a deep elf master archer
  1364 | D        | Gained mutation: Your flesh is heat resistant. (rF+)
                  | [demonic ancestry]
  1364 | D        | Reached XP level 17. HP: 143/143 MP: 24/33
  1365 | D        | Noticed a deep elf master archer
  1366 | D        | Found a transporter.
  1367 | D        | Killed a deep elf blademaster
  1368 | D        | Killed a deep elf master archer
  1396 | D        | Got the +0 hat of Kaifobea {rPois rF+}
  1438 | D        | Entered arena 25.
  1444 | D        | Noticed a deep elf master archer
  1444 | D        | Noticed a deep elf master archer
  1444 | D        | Noticed a deep elf blademaster
  1445 | D        | Noticed a deep elf blademaster
  1445 | D        | Noticed a deep elf blademaster
  1445 | D        | Noticed a deep elf blademaster
  1446 | D        | Killed a deep elf master archer
  1446 | D        | Killed a deep elf master archer
  1446 | D        | Killed a deep elf blademaster
  1447 | D        | Killed a deep elf blademaster
  1447 | D        | Killed a deep elf blademaster
  1447 | D        | Killed a deep elf blademaster
  1447 | D        | Noticed a deep elf master archer
  1449 | D        | Killed a deep elf master archer
  1451 | D        | Found a transporter.
  1464 | D        | Got the ring of Woaduymp {rN+ Int+4 SInv}
  1539 | D        | Entered arena 26.
  1547 | D        | Noticed a deep elf master archer
  1547 | D        | Noticed a deep elf master archer
  1548 | D        | Noticed a deep elf master archer
  1548 | D        | Noticed a deep elf master archer
  1548 | D        | Noticed a deep elf master archer
  1549 | D        | Found the +3 warlock's mirror {reflect}
  1549 | D        | Noticed a deep elf master archer
  1549 | D        | Noticed a deep elf master archer
  1550 | D        | Killed a deep elf master archer
  1550 | D        | Reached skill level 27 in Invocations
  1550 | D        | Killed a deep elf master archer
  1550 | D        | Killed a deep elf master archer
  1550 | D        | Killed a deep elf master archer
  1550 | D        | Killed a deep elf master archer
  1550 | D        | Reached XP level 18. HP: 120/154 MP: 35/35
  1552 | D        | Found a transporter.
  1572 | D        | Found the +3 robe of Folly {Archmagi, MR-- Int+5}
  1617 | D        | Entered arena 27.
  1627 | D        | Noticed a profane servitor
  1643 | D        | Killed a profane servitor
  1648 | D        | Noticed a Hell Sentinel
  1650 | D        | Killed a Hell Sentinel
  1665 | D        | Found the +2 ratskin cloak {+Rats rPois rN+ Str-1 Int-1
                  | Dex+1}
  1670 | D        | Found a transporter.
  1695 | D        | Got the ring "Kurhuv" {*Drain rN+ MR+ Stlth+}
  1744 | D        | Got the amulet of Cilaif {Harm *Drain rElec Slay+3 Stlth-}
  1753 | D        | Entered arena 28.
  1759 | D        | Noticed a shard shrike
  1764 | D        | Noticed a bone dragon
  1767 | D        | Noticed an Ice Fiend
  1769 | D        | Gained mutation: You are completely covered in icy blue
                  | scales. (AC +4, rC+) [demonic ancestry]
  1769 | D        | Reached XP level 19. HP: 167/167 MP: 26/36
  1772 | D        | Killed a shard shrike
  1775 | D        | Killed a bone dragon
  1775 | D        | Reached skill level 27 in Fighting
  1794 | D        | Found a transporter.
  1806 | D        | Got the amulet "Wuuhor" {Regen+ Int+4}
  1815 | D        | Got the amulet "Uryates" {Harm *Drain rF++ rC+ Str+2}
  1818 | D        | Got the ring "Mubyng" {Ice Int+4}
  1828 | D        | Got the amulet "Yjouten" {Faith *Drain rPois rC+ MR+}
  1837 | D        | Got the ring "Perid" {+Fly Str+2}
  1846 | D        | Got the ring of Nyoff {rPois rC- MR++ Dex+4}
  1909 | D        | Got the Orb of Zot
  1914 | D        | Escaped with the Orb!

Skill      XL: |  1  2  3  4  5  6  7  8  9 10 11 12 13 14 15 16 17 18 19 |
---------------+----------------------------------------------------------+-----
Fighting       | 4 8 9 10 11 12 13 14 16 18 20 21 23 26 27 | 27.0
Maces & Flails | 3 6 7 8 9 10 12 13 15 16 18 20 22 24 25 | 25.0
Armour         | 4 7 8 10 11 12 13 15 16 18 20 22 24 25 | 25.4
Shields        | 4 7 8 9 10 11 12 13 15 16 20 21 23 25 | 25.0
Dodging        | 2 4 6 7 8 10 12 13 15 17 19 21 24 | 24.7
Invocations    | 3 5 9 10 12 14 16 18 20 22 24 27 | 27.0

Action                   |  1- 3 |  4- 6 |  7- 9 | 10-12 | 13-15 | 16-18 | 19-21 || total
-------------------------+-------+-------+-------+-------+-------+-------+-------++-------
Melee: Shillelagh        |     6 |     4 |    31 |    45 |   101 |    54 |    18 ||   259
       Kick              |       |       |     4 |    17 |    59 |    24 |    10 ||   114
Invok: Disaster Area     |       |       |       |     8 |    17 |    14 |     1 ||    40
       Upheaval          |       |       |       |       |       |     2 |       ||     2
  Use: Potion            |     1 |       |     3 |     3 |       |     1 |       ||     8
       Scroll            |       |       |       |     4 |     2 |     1 |     1 ||     8
  Eat: Ration            |       |       |       |       |     2 |       |       ||     2
Armor: Crystal plate arm |     4 |     3 |    18 |    18 |    16 |    11 |     3 ||    73
Dodge: Dodged            |       |       |     2 |     9 |    16 |    27 |       ||    54
       Deflected         |       |       |       |     1 |     4 |    10 |       ||    15
Block: Large shield      |     2 |    10 |    48 |    52 |   134 |    41 |       ||   287
       Reflection        |       |       |     1 |     4 |     3 |    29 |     1 ||    38
       Buckler           |       |       |       |       |       |    37 |    16 ||    53
